 Seeded DCSS version 0.28.0-45-g0d030f2227 (webtiles) character file.

Game seed: 13254252311307455508 (custom seed)

11993 croobank the Blocker (level 11, -5/89 HPs)
             Began as a Gnoll Fighter on Apr 18, 2022.
             Was a Believer of Lugonu.
             Slain by a two-headed ogre
             ... wielding a +0 giant spiked club
              (39 damage)
             ... on level 10 of the Dungeon on Apr 19, 2022.
             The game lasted 00:48:54 (13111 turns).

croobank the Blocker (Gnoll Fighter)               Turns: 13111, Time: 00:48:55

Health: -5/89      AC: 12    Str: 20    XL:     11   Next: 86%
Magic:  21/21      EV: 12    Int:  8    God:    Lugonu [**....]
Gold:   1366       SH:  6    Dex: 11    Spells: 15/23 levels left

rFire   . . .      SeeInvis .   a - +11 eveningstar of Voynec {flame, rC+ rN+}
rCold   + . .      Faith    .   p - +0 buckler
rNeg    + . .      Spirit   .   v - +0 scale mail
rPois   .          Reflect  .   s - +0 helmet
rElec   .          Harm     .   (no cloak)
rCorr   .          Rampage  .   j - +1 pair of gloves
Will    .....                   (no boots)
Stlth   ++........              (no amulet)
HPRegen 0.00/turn               (no ring)
MPRegen 0.17/turn               (no ring)

@: inhibited regen, unable to read
A: fangs 1, strong nose, distributed training, inhibited regeneration, subdued
magic 1, inability to read while threatened
a: Renounce Religion, Depart the Abyss, Bend Space


You were on level 10 of the Dungeon.
You worshipped Lugonu.
Lugonu was pleased with you.
You visited 2 branches of the dungeon, and saw 12 of its levels.
You visited the Abyss 1 time.

You collected 1388 gold pieces.
You paid 22 gold pieces to Gozag.

Inventory:

Hand Weapons
 a - the +11 eveningstar of Voynec (weapon) {flame, rC+ rN+}
   (You found it on level 2 of the Dungeon)

   It burns those it strikes, dealing additional fire damage.
   rC:        It protects you from cold.
   rN:        It protects you from negative energy.
 b - a +0 hunting sling
 c - the +8 morningstar "Giant's Curse" {vorpal, Will+}
   (You found it on level 2 of the Dungeon)

   It inflicts extra damage upon your enemies.
   Will:      It increases your willpower.
 n - a +1 flail of holy wrath
 q - a +3 short sword of speed
 J - a +0 battleaxe
Missiles
 d - a throwing net
 f - 7 atropa-tipped darts (quivered)
 h - 12 poisoned darts
 i - 142 stones
 o - 82 bolts
 r - 123 sling bullets
 t - a curare-tipped dart
 y - 251 arrows
Armour
 j - a +1 pair of gloves (worn)
 p - a +0 buckler (worn)
 s - a +0 helmet (worn)
 v - a +0 scale mail (worn)
 x - a +0 ring mail
 C - a +0 leather armour
 F - a +0 plate armour
 G - a +0 chain mail
Jewellery
 l - a ring of flight
 K - an amulet of the acrobat
Wands
 g - a wand of iceblast (12)
 A - a wand of digging (3)
 B - a wand of flame (9)
Scrolls
 u - 2 scrolls of teleportation
 H - a scroll of enchant weapon
 L - a scroll of holy word
Potions
 e - 2 potions of curing
 k - a potion of resistance
 m - 2 potions of ambrosia
 w - 2 potions of lignification {unknown}
 z - 2 potions of heal wounds {unknown}
 I - 2 potions of haste {unknown}
Miscellaneous
 E - a lightning rod (1/4)


   Skills:
 + Level 9.4 Fighting
 + Level 6.7 Short Blades
 + Level 6.7 Long Blades
 + Level 6.7 Axes
 + Level 8.2 Maces & Flails
 + Level 6.7 Polearms
 + Level 6.7 Staves
 + Level 6.7 Slings
 + Level 6.7 Bows
 + Level 6.7 Crossbows
 + Level 6.7 Throwing
 + Level 9.4 Armour
 + Level 6.7 Dodging
 + Level 6.7 Stealth
 + Level 9.4 Shields
 + Level 6.7 Unarmed Combat
 + Level 6.7 Spellcasting
 + Level 5.5 Conjurations
 + Level 5.5 Hexes
 + Level 5.5 Summonings
 + Level 5.5 Necromancy
 + Level 5.5 Translocations
 + Level 5.5 Transmutations
 + Level 5.5 Fire Magic
 + Level 5.5 Ice Magic
 + Level 5.5 Air Magic
 + Level 5.5 Earth Magic
 + Level 5.5 Poison Magic
 + Level 7.3 Invocations
 + Level 6.7 Evocations


You had 15 spell levels left.
You knew the following spells:

 Your Spells              Type           Power      Damage    Failure   Level
a - Beastly Appendage     Tmut           16%        N/A       5%          1
b - Wereblood             Tmut           8%         N/A       9%          2
c - Scorch                Fire           16%        2d6       9%          2
d - Spider Form           Tmut/Pois      8%         N/A       17%         3

Your spell library contained the following spells:

 Spells                   Type           Power      Damage    Failure   Level
 Flame Wave               Conj/Fire      8%         2d5       52%         4
 Petrify                  Tmut/Erth      8%         N/A       52%         4
 Metabolic Englaciation   Hex/Ice        4%         N/A       86%         5
 Statue Form              Tmut/Erth      5%         N/A       100%        6
 Summon Cactus Giant      Summ           4%         N/A       100%        6


Dungeon Overview and Level Annotations

Branches:
Dungeon (11/15)            Temple (1/1) D:4            Lair (0/6) D:9
    Orc (0/2) D:9

Altars:
Ashenzari
Cheibriados
Dithmenos
Elyvilon
Fedhas
Gozag
Hepliaklqana
Kikubaaqudgha
Makhleb
Nemelex Xobeh
Okawaru
Qazlal
Ru
Sif Muna
Trog
Uskayaw
Vehumet
Wu Jian
Xom
Yredelemnul
Zin
The Shining One

Shops:
D:4 (   D:8 =


Innate Abilities, Weirdness & Mutations

You have very sharp teeth.
Your uncanny sense of smell can sniff out nearby items.
Your experience applies equally to all skills.
You do not regenerate when monsters are visible.
Your spells are a little easier to cast, but a little less powerful.
You sometimes lose the ability to read scrolls when taking damage.


Message History

You are too injured to fight recklessly!
You hit the gargoyle but do no damage.
You bite the gargoyle, but do no damage.
The gargoyle is lightly damaged.
The gargoyle hits you with a +0 mace!
You hit the gargoyle. You burn the gargoyle.
You bite the gargoyle, but do no damage.
The gargoyle is moderately damaged.
The gargoyle hits you with a +0 mace.
You impale the gargoyle!! You burn the gargoyle!
You destroy the gargoyle!
Lugonu accepts your kill.
You start resting.
You can read scrolls again.
You start resting.
A two-headed ogre comes into view.
It is wielding a +0 giant spiked club and a +0 giant club.
Gozag incites the two-headed ogre against you.
The two-headed ogre shouts in stereo!
The two-headed ogre goes berserk!
Aiming: Thunderbolt
Press: ? - help, Shift-Dir - straight line, f - two-headed ogre
Aim: a two-headed ogre, wielding a +0 giant spiked club and a +0 giant club (berserk, incited by Gozag)
The thunderbolt hits the two-headed ogre!!
The two-headed ogre is moderately wounded.
The two-headed ogre rages.
You hit the two-headed ogre. You burn the two-headed ogre.
The two-headed ogre is moderately wounded.
The two-headed ogre barely misses you.
The two-headed ogre hits you with a +0 giant club.
You puncture the two-headed ogre! You burn the two-headed ogre.
The two-headed ogre is heavily wounded.
The two-headed ogre misses you.
The two-headed ogre hits you with a +0 giant club!!
The two-headed ogre hits you but does no damage.
The two-headed ogre hits you with a +0 giant club!!
You feel threatened and lose the ability to read scrolls!
You impale the two-headed ogre!! You burn the two-headed ogre.
The two-headed ogre is severely wounded.
The two-headed ogre hits you with a +0 giant spiked club!!!
You die...

# #..#..#### # #
##..#.##$$## .#
#......##.##$$$$# #..#
#.#.#.##.####$$$$##.#..
..# ###.....#$$..$#...
#.#.....#.#.##....#.# #
..###...#..##$$...# #
##...#.#...###...# #
#.#.#.##...O@..## #
#.#########)##### # .
#...#)#...# # #).)..#
#..##)##..# ## .#. ##
.#∆#. .# #. ). ..


You could see a two-headed ogre (berserk, incited).

Vanquished Creatures
  2 centaur warriors
  A two-headed ogre (D:8)
  Pikel (D:5)
  A gargoyle (D:10)
  A kobold demonologist (D:11)
  A hornet (D:9)
  A wyvern (D:7)
  9 yaks
  Grum (D:8)
  7 water moccasins
  2 orc warriors
  An ice beast (D:6)
  A hornet zombie (D:7)
  2 sky beasts
  3 black bears
  4 ogres
  6 centaurs
  2 wolves
  3 kobold brigands (D:9)
  3 bullfrogs (D:6)
  A gnoll sergeant (D:8)
  4 scorpions
  A water moccasin skeleton (D:5)
  4 killer bees
  7 wights
  7 electric eels
  2 vampire bats (D:10)
  A howler monkey (D:8)
  2 bullfrog zombies
  4 centaur zombies
  2 hounds
  6 orc priests
  2 gnoll shamans
  2 jellies (D:8)
  Jessica (D:3)
  A centaur skeleton (D:7)
  13 orc wizards
  3 iguanas
  Ijyb (D:4)
  A killer bee zombie (D:6)
  3 howler monkey zombies
  13 gnolls
  A howler monkey skeleton (D:4)
  7 adders
  2 shadow imps (D:6)
  A white imp (D:5)
  An ufetubus (D:5)
  A worm (D:2)
  3 dart slugs
  42 orcs
  12 bats
  12 endoplasms
  2 giant cockroaches
  8 hobgoblins
  7 jackals
  3 quokkas
  6 ball pythons
  2 frilled lizards
  7 goblins
  16 kobolds
  5 rats
271 creatures vanquished.

Vanquished Creatures (collateral kills)
  2 centaur warriors (D:10)
  A deep elf pyromancer (D:10)
  An efreet (D:10)
  A wraith (D:10)
  A yak (D:10)
  A centaur (D:10)
  A kobold brigand (D:10)
  A centaur zombie (D:10)
  An orc (D:9)
10 creatures vanquished.

Vanquished Creatures (others)
  A swamp dragon (D:10)
  An orc (D:9)
  75 plants
77 creatures vanquished.

Grand Total: 358 creatures vanquished

Notes
Turn   | Place    | Note
-------+----------+-------------------------------------------
     0 | D:1      | croobank the Gnoll Fighter began the quest for the Orb.
     0 | D:1      | Reached XP level 1. HP: 23/23 MP: 1/1
   194 | D:1      | Reached XP level 2. HP: 29/29 MP: 2/2
   444 | D:1      | Reached XP level 3. HP: 35/35 MP: 3/3
   868 | D:2      | Reached skill level 1 in Invocations
  1270 | D:2      | Reached skill level 1 in Short Blades
  1270 | D:2      | Reached skill level 1 in Long Blades
  1270 | D:2      | Reached skill level 1 in Axes
  1270 | D:2      | Reached skill level 1 in Polearms
  1270 | D:2      | Reached skill level 1 in Staves
  1270 | D:2      | Reached skill level 1 in Slings
  1270 | D:2      | Reached skill level 1 in Bows
  1270 | D:2      | Reached skill level 1 in Crossbows
  1270 | D:2      | Reached skill level 1 in Throwing
  1270 | D:2      | Reached skill level 1 in Dodging
  1270 | D:2      | Reached skill level 1 in Stealth
  1270 | D:2      | Reached skill level 1 in Unarmed Combat
  1270 | D:2      | Reached skill level 1 in Spellcasting
  1270 | D:2      | Reached skill level 1 in Evocations
  1302 | D:2      | Reached XP level 4. HP: 39/41 MP: 5/5
  1334 | D:2      | Identified the +11 eveningstar of Voynec {flame, rC+ rN+}
  1556 | D:2      | Identified the +8 morningstar "Giant's Curse" {vorpal,
                  | Will+}
  1918 | D:3      | Reached skill level 1 in Conjurations
  1918 | D:3      | Reached skill level 1 in Hexes
  1918 | D:3      | Reached skill level 1 in Summonings
  1918 | D:3      | Reached skill level 1 in Necromancy
  1918 | D:3      | Reached skill level 1 in Translocations
  1918 | D:3      | Reached skill level 1 in Transmutations
  1918 | D:3      | Reached skill level 1 in Fire Magic
  1918 | D:3      | Reached skill level 1 in Ice Magic
  1918 | D:3      | Reached skill level 1 in Air Magic
  1918 | D:3      | Reached skill level 1 in Earth Magic
  1918 | D:3      | Reached skill level 1 in Poison Magic
  1943 | D:3      | Noticed Jessica
  1948 | D:3      | Killed Jessica
  1949 | D:3      | Reached XP level 5. HP: 44/47 MP: 6/6
  2126 | D:3      | Found a faded altar of an unknown god.
  2462 | D:4      | Noticed Ijyb
  2472 | D:4      | Killed Ijyb
  2743 | D:4      | Reached XP level 6. HP: 53/53 MP: 8/8
  2813 | D:4      | Reached skill level 5 in Maces & Flails
  2932 | D:4      | Found Senwall's Antique Weapon Emporium.
  3008 | D:4      | Found a staircase to the Ecumenical Temple.
  3263 | Temple   | Entered the Ecumenical Temple
  3360 | Temple   | Became a worshipper of Gozag Ym Sagoz the Greedy
  3505 | D:5      | Entered Level 5 of the Dungeon
  3715 | D:5      | Found a sparkling altar of Nemelex Xobeh.
  3715 | D:5      | Found an iron altar of Okawaru.
  3966 | D:5      | Reached XP level 7. HP: 35/59 MP: 10/10
  4418 | D:5      | Found an ornate altar of the Wu Jian Council.
  4548 | D:5      | Reached XP level 8. HP: 64/67 MP: 12/12
  4790 | D:5      | Noticed Pikel
  4802 | D:5      | Killed Pikel
  5179 | D:6      | Found a sacrificial altar of Ru.
  5262 | D:6      | Reached XP level 9. HP: 73/73 MP: 14/14
  5656 | D:6      | Reached skill level 5 in Invocations
  6366 | D:6      | Learned a level 1 spell: Beastly Appendage
  6369 | D:6      | Learned a level 2 spell: Wereblood
  6372 | D:6      | Learned a level 2 spell: Scorch
  6376 | D:6      | Learned a level 3 spell: Spider Form
  6489 | D:6      | Reached XP level 10. HP: 22/80 MP: 17/17
  7276 | D:7      | Reached skill level 5 in Short Blades
  7276 | D:7      | Reached skill level 5 in Long Blades
  7276 | D:7      | Reached skill level 5 in Axes
  7276 | D:7      | Reached skill level 5 in Polearms
  7276 | D:7      | Reached skill level 5 in Staves
  7276 | D:7      | Reached skill level 5 in Slings
  7276 | D:7      | Reached skill level 5 in Bows
  7276 | D:7      | Reached skill level 5 in Crossbows
  7276 | D:7      | Reached skill level 5 in Throwing
  7276 | D:7      | Reached skill level 5 in Dodging
  7276 | D:7      | Reached skill level 5 in Stealth
  7276 | D:7      | Reached skill level 5 in Unarmed Combat
  7276 | D:7      | Reached skill level 5 in Spellcasting
  7276 | D:7      | Reached skill level 5 in Evocations
  7805 | D:7      | Found an ancient bone altar of Kikubaaqudgha.
  7908 | D:8      | Found Luxuaf's Jewellery Shoppe.
  8409 | D:8      | Gained mutation: You are clumsy. (Dex -2) [potion of
                  | mutation]
  8409 | D:8      | Gained mutation: Your body sometimes deteriorates upon
                  | taking damage. [potion of mutation]
  8410 | D:8      | Lost mutation: Your body sometimes deteriorates upon taking
                  | damage. [potion of mutation]
  8410 | D:8      | Lost mutation: You are clumsy. (Dex -2) [potion of
                  | mutation]
  8410 | D:8      | Gained mutation: Your muscles are strong. (Str +2) [potion
                  | of mutation]
  8410 | D:8      | Gained mutation: Your body sometimes deteriorates upon
                  | taking damage. [potion of mutation]
  8410 | D:8      | Gained mutation: Your mind is acute. (Int +2) [potion of
                  | mutation]
  8411 | D:8      | Lost mutation: Your body sometimes deteriorates upon taking
                  | damage. [potion of mutation]
  8411 | D:8      | Lost mutation: Your mind is acute. (Int +2) [potion of
                  | mutation]
  8411 | D:8      | Gained mutation: You sometimes lose the ability to read
                  | scrolls when taking damage. [potion of mutation]
  8411 | D:8      | Gained mutation: Your spells are a little easier to cast,
                  | but a little less powerful. [potion of mutation]
  8412 | D:8      | Lost mutation: Your muscles are strong. (Str +2) [potion of
                  | mutation]
  8412 | D:8      | Lost mutation: Your spells are a little easier to cast, but
                  | a little less powerful. [potion of mutation]
  8412 | D:8      | Gained mutation: You do not regenerate when monsters are
                  | visible. [potion of mutation]
  8412 | D:8      | Gained mutation: Your spells are a little easier to cast,
                  | but a little less powerful. [potion of mutation]
  8431 | D:8      | Noticed a two-headed ogre
  8441 | D:8      | Killed a two-headed ogre
  8552 | D:8      | Noticed Grum
  8861 | D:8      | Cast into level 1 of the Abyss (gnoll)
  8861 | Abyss:1  | Found a corrupted altar of Lugonu.
  8869 | Abyss:1  | Fell from the grace of Gozag
  8869 | Abyss:1  | Became a worshipper of Lugonu the Unformed
  8869 | Abyss:1  | Reached * piety under Lugonu
  8870 | D:8      | Escaped the Abyss
  8876 | D:8      | Killed Grum
  8877 | D:8      | Reached XP level 11. HP: 21/87 MP: 19/19
  9505 | D:9      | Noticed a centaur warrior
 10448 | D:9      | Killed a centaur warrior
 10449 | D:9      | Reached skill level 5 in Conjurations
 10449 | D:9      | Reached skill level 5 in Hexes
 10449 | D:9      | Reached skill level 5 in Summonings
 10449 | D:9      | Reached skill level 5 in Necromancy
 10449 | D:9      | Reached skill level 5 in Translocations
 10449 | D:9      | Reached skill level 5 in Transmutations
 10449 | D:9      | Reached skill level 5 in Fire Magic
 10449 | D:9      | Reached skill level 5 in Ice Magic
 10449 | D:9      | Reached skill level 5 in Air Magic
 10449 | D:9      | Reached skill level 5 in Earth Magic
 10449 | D:9      | Reached skill level 5 in Poison Magic
 10452 | D:9      | Found a glowing golden altar of the Shining One.
 11357 | D:9      | Found a shimmering blue altar of Sif Muna.
 11607 | D:9      | Found a staircase to the Orcish Mines.
 11797 | D:9      | Found a staircase to the Lair.
 12214 | D:9      | Found a stormy altar of Qazlal.
 12242 | D:10     | Entered Level 10 of the Dungeon
 12290 | D:10     | Reached ** piety under Lugonu
 12296 | D:10     | Found a shimmering altar of Xom.
 12821 | D:10     | Noticed a centaur warrior
 12823 | D:10     | Noticed a swamp dragon
 12828 | D:10     | Killed a centaur warrior
 12838 | D:10     | Killed a centaur warrior
 12838 | D:10     | Noticed a centaur warrior
 12838 | D:10     | Killed a deep elf pyromancer
 12844 | D:10     | Killed a centaur warrior
 13107 | D:10     | Noticed a two-headed ogre
 13111 | D:10     | Slain by a two-headed ogre

Illustrated notes

Levels and vault maps discovered:
D:1:      ncdulo_lavacross, layout_loops_ring
D:2:      layout_loops_corners
D:3:      layout_loops_cross, chequers_ecumenical_altar_grove, uniq_jessica
D:4:      layout_cave_pools, temple_doors_cd, serial_shops, shop, uniq_ijyb
D:5:      layout_layer_cave, nicolae_wu_jian_wuxing_cycle,
          gammafunk_temple_overflow_statue, grunt_tough_drop, uniq_pikel
D:6:      layout_basic, nicolae_ru_great_annihilating_truth, serial_bayou,
          serial_bayou_crossing, serial_bayou_lagoon_a, serial_bayou_lake_a,
          serial_bayou_lagoon_b, minmay_joined_circles
D:7:      layout_rooms, lemuel_coloured_pillars_altar
D:8:      layout_cave_pools, serial_shops, nicolae_square_shop, uniq_grum
D:9:      layout_roguey, mainiacjoe_overflow_alcove_4, old_standard_altar,
          tso_metal_star, lair_entry_dummy, hiddenorc2_lemuel, serial_bayou,
          serial_bayou_ford_a, serial_bayou_shore_b, serial_bayou_pond_a,
          serial_bayou_pond_d, serial_bayou_pond_d, grunt_decor_junction
D:10:     layout_basic, xom_teletrap_fun, st_stairs_5,
          nicolae_concentric_dashed_squares_mild, nicolae_sextant,
          roderic_batcave, minmay_the_grid_2x2 [minmay_the_grid_mess,
          minmay_the_grid_dragon_a, minmay_the_grid_odd_star,
          minmay_the_grid_prize_shrinking_boxes]
D:11:     layout_grid_maze, hangedman_decor_diamond_cutter, uniq_psyche,
          uniq_fannar
Temple:   nicolae_temple_figure_eight

Skill      XL: |  1  2  3  4  5  6  7  8  9 10 11 |
---------------+----------------------------------+-----
Invocations    | 1 2 3 4 5 6 7 |  7.3
Short Blades   | 1 2 3 4 5 6 |  6.7
Long Blades    | 1 2 3 4 5 6 |  6.7
Axes           | 1 2 3 4 5 6 |  6.7
Polearms       | 1 2 3 4 5 6 |  6.7
Staves         | 1 2 3 4 5 6 |  6.7
Slings         | 1 2 3 4 5 6 |  6.7
Bows           | 1 2 3 4 5 6 |  6.7
Crossbows      | 1 2 3 4 5 6 |  6.7
Throwing       | 1 2 3 4 5 6 |  6.7
Dodging        | 1 2 3 4 5 6 |  6.7
Stealth        | 1 2 3 4 5 6 |  6.7
Unarmed Combat | 1 2 3 4 5 6 |  6.7
Spellcasting   | 1 2 3 4 5 6 |  6.7
Evocations     | 1 2 3 4 5 6 |  6.7
Conjurations   | 1 2 3 4 5 |  5.5
Hexes          | 1 2 3 4 5 |  5.5
Summonings     | 1 2 3 4 5 |  5.5
Necromancy     | 1 2 3 4 5 |  5.5
Translocations | 1 2 3 4 5 |  5.5
Transmutations | 1 2 3 4 5 |  5.5
Fire Magic     | 1 2 3 4 5 |  5.5
Ice Magic      | 1 2 3 4 5 |  5.5
Air Magic      | 1 2 3 4 5 |  5.5
Earth Magic    | 1 2 3 4 5 |  5.5
Poison Magic   | 1 2 3 4 5 |  5.5
Maces & Flails | 5 6 7 8 |  8.2
Fighting       | 7 8 9 |  9.4
Armour         | 7 8 9 |  9.4
Shields        | 7 8 9 |  9.4

Action                   |  1- 3 |  4- 6 |  7- 9 | 10-12 || total
-------------------------+-------+-------+-------+-------++-------
Melee: Flail             |    92 |       |       |       ||    92
       Bite              |     5 |     7 |    20 |    30 ||    62
       Eveningstar       |       |    99 |   193 |   259 ||   551
Throw: Dart              |       |       |       |     1 ||     1
Invok: Depart the Abyss  |       |       |       |     1 ||     1
       Bend Space        |       |       |       |     1 ||     1
Evoke: Wand              |       |       |     9 |    20 ||    29
       Lightning rod     |       |       |       |     3 ||     3
  Use: Scroll            |       |     7 |     1 |     7 ||    15
       Potion            |       |       |     1 |     5 ||     6
 Stab: Distracted        |       |       |     1 |       ||     1
       Sleeping          |       |       |       |     1 ||     1
Armor: Scale mail        |    48 |    42 |    44 |   121 ||   255
Dodge: Dodged            |    43 |    49 |    68 |   182 ||   342
Block: Buckler           |    28 |    26 |    38 |    92 ||   184
